AoeStats
← [CL] Al3jandr0.magn00

MegaRandom

503671449Analyzed
1v1 RM · 1mo ago on Sep 1, 2026· 32m 58s· 2 players
Game mode
Random Map
Map size
Tiny (2 player)
Population
200
Speed
Normal
Resources
Standard
Victory
Conquest
Starting age
Dark Age
Ending age
Imperial Age
RankedLock teamsTeams togetherTeam positionsShared explorationLock speedFull tech treeHidden civsTurbo modeCheats
Victory
Defeat
🇳🇴 Chinese · Norway
1878
+18
🇦🇷 Burmese · Argentina
1923
-18
saracast
0:31 Loom
11:13 Feudal Age
13:22 Double-Bit Axe
18:20 Castle Age
17:11 Gold Mining
19:14 Medium Warships
21:08 Bow Saw
22:29 Horse Collar
23:34 Demolition Ship
25:34 Scale Mail Armor
26:34 Chain Mail Armor
27:03 Squires
27:29 Forging
28:53 Iron Casting
30:46 Arson
[CL] Al3jandr0.magn00
7:47 Loom
10:07 Feudal Age
19:27 Castle Age
20:49 Medium Warships
24:14 Wheelbarrow
25:11 Wheelbarrow
25:06 Fishing Lines
28:21 Sanctity
28:12 Redemption
29:08 Scale Mail Armor
29:18 Forging
28:54 Man-at-Arms
29:19 Gambesons
30:01 Long Swordsman
31:01 Long Swordsman
Connection lost

Rejoining the realm…

Still unreachable

The connection could not be restored.

Session expired

The server has moved on; the page needs a fresh start.